Map: Ruins of Seras

Players

Ryper - Winner!

  • Race: Protoss Protoss
  • League: Diamond

cDgGoatdrop

  • Race: Zerg Zerg
  • League: Grandmaster

VOD

Have the link to the VOD?

Description

Time

  • Played on: Oct. 9, 2015, 12:08 a.m.
  • Length: 15:06
Show
View Real Time Build Order
Export as new Build Order

Ryper Protoss - Winner!

Build Orders: 1 Gate Expand 

Get SALT Encoding   

  12  0:01  Probe (Chrono Boost)  
  13  0:11  Probe (Chrono Boost)  
  14  0:20  Pylon  
  14  0:22  Probe (Chrono Boost)  
  15  0:38  Probe (Chrono Boost)  
  15  0:39  Gateway  
  16  0:48  Probe (Chrono Boost)  
  17  0:59  Probe (Chrono Boost)  
  18  1:12  Nexus  
  18  1:17  Assimilator  
  18  1:19  Probe (Chrono Boost)  
  19  1:30  Cybernetics Core  
  19  1:34  Assimilator  
  19  1:37  Probe (Chrono Boost)  
  20  1:47  Pylon  
  20  1:48  Probe (Chrono Boost)  
  21  1:59  Probe (Chrono Boost)  
  22  2:07  Adept  
  22  2:08  Warp Gate (Chrono Boost)  
  24  2:09  Probe (Chrono Boost)  
  25  2:20  Probe (Chrono Boost)  
  26  2:25  Probe (Chrono Boost)  
  27  2:30  Probe (Chrono Boost)  
  27  2:36  Mothership Core (Chrono Boost)  
  30  2:39  Pylon  
  30  2:41  Probe (Chrono Boost)  
  31  2:48  Robotics Facility  
  31  2:51  Probe (Chrono Boost)  
  31  2:56  Probe (Chrono Boost)  
  33  3:00  Gateway  
  33  3:02  Probe (Chrono Boost)  
  34  3:23  Probe x2 (Chrono Boost)  
  34  3:25  Pylon  
  34  3:29  Gateway  
  34  3:33  Pylon  
  34  3:34  Probe x2 (Chrono Boost)  
  35  3:35  Adept  
  35  3:39  Warp Prism (Chrono Boost)  
  40  3:45  Probe  
  40  3:46  Probe  
  42  3:55  Probe  
  42  3:58  Probe  
  44  4:05  Twilight Council  
  44  4:06  Probe  
  44  4:09  Gateway  
  45  4:10  Gateway, Probe  
  46  4:19  Probe  
  46  4:23  Probe  
  48  4:26  Assimilator  
  48  4:29  Adept  
  48  4:30  Adept, Assimilator  
  52  4:36  Probe  
  52  4:37  Probe  
  54  4:40  Pylon  
  54  4:49  Adept  
  54  4:51  Adept  
  58  4:54  Probe  
  58  4:59  Adept  
  60  5:00  Probe  
  60  5:06  Probe  
  62  5:09  Pylon  
  61  5:15  Probe  
  61  5:18  Probe  
  63  5:25  Probe  
  64  5:31  Adept  
  64  5:32  Adept  
  64  5:33  Adept  
  70  5:47  Probe  
  70  5:48  Probe  
  70  5:51  Blink (Chrono Boost)  
  70  5:54  Immortal (Chrono Boost), Adept x2  
  70  5:55  Adept  
  76  6:05  Zealot x2  
  72  6:26  Zealot x2  
  72  6:27  Zealot  
  72  6:28  Immortal (Chrono Boost)  
  72  6:29  Adept x2  
  82  6:50  Pylon  
  82  6:52  Pylon  
  82  6:53  Nexus  
  76  6:54  Pylon, Robotics Facility  
  76  6:56  Robotics Bay  
  74  7:29  Stalker x5  
  84  7:35  Gateway  
  84  7:36  Gateway  
  84  7:40  Gateway  
  84  7:43  Charge (Chrono Boost)  
  78  7:45  Disruptor (Chrono Boost)  
  78  7:50  Pylon  
  81  7:56  Probe  
  81  7:57  Probe  
  83  7:59  Stalker  
  83  8:00  Stalker x4  
  93  8:06  Disruptor (Chrono Boost), Forge  
  93  8:07  Forge  
  93  8:08  Probe  
  93  8:09  Probe x2  
  99  8:17  Disruptor (Chrono Boost)  
  99  8:20  Probe  
  99  8:22  Probe  
  104  8:33  Assimilator  
  104  8:35  Pylon, Assimilator  
  104  8:38  Warp Prism (Chrono Boost)  
  106  8:43  Protoss Ground Weapons Level 1, Protoss Ground Armor Level 1  
  106  8:44  Stalker x3  
  112  8:50  Disruptor (Chrono Boost)  
  115  9:02  Stalker x2  
  117  9:03  Stalker x2  
  123  9:22  Stalker x3  
  129  9:45  Stalker  
  129  9:46  Stalker  
  133  10:04  Probe  
  130  10:11  Zealot  
  124  10:32  Zealot  
  124  10:33  Zealot x6  
  130  10:43  Colossus (Chrono Boost), Extended Thermal Lance  
  130  10:46  Protoss Ground Armor Level 2, Protoss Ground Weapons Level 2  
  130  10:49  Nexus  
  130  10:53  Zealot, Pylon  
  130  10:55  Pylon  
  130  10:56  Probe  
  133  10:57  Probe  
  133  11:01  Colossus (Chrono Boost)  
  133  11:02  Pylon  
  128  11:04  Pylon  
  128  11:06  Pylon  
  126  11:20  Zealot x2  
  126  11:21  Zealot x6  
  140  11:29  Observer (Chrono Boost)  
  141  11:48  Observer (Chrono Boost)  
  138  11:56  Stalker x5  
  138  11:57  Stalker x3  
  146  12:04  Colossus (Chrono Boost)  
  146  12:06  Colossus (Chrono Boost)  
  148  12:25  Stalker x4  
  148  12:26  Stalker x2  
  160  12:32  Templar Archives  
  160  12:51  Disruptor (Chrono Boost)  
  163  12:53  Disruptor (Chrono Boost)  
  166  13:13  Zealot x4  
  166  13:14  Zealot x4  
  162  13:39  Pylon x2  
  151  13:52  Stalker  
  151  13:53  Stalker x2  
  154  14:10  Observer (Chrono Boost)  
  152  14:28  Observer (Chrono Boost)  
  152  14:30  Probe x2  
Show
View Real Time Build Order
Export as new Build Order

cDgGoatdrop Zerg 

Build Orders: Hatch First, Lurkers 

Get SALT Encoding   

  12  0:02  Drone  
  13  0:12  Overlord  
  13  0:17  Drone  
  14  0:32  Drone x2  
  16  0:50  Hatchery  
  16  0:54  Drone  
  16  0:56  Drone  
  17  1:01  Drone  
  18  1:15  Spawning Pool  
  17  1:18  Drone  
  17  1:22  Drone  
  19  1:32  Drone  
  20  1:33  Extractor  
  19  1:40  Drone  
  20  1:53  Drone  
  21  1:55  Hatchery  
  20  2:03  Zergling x2  
  20  2:04  Zergling x2  
  20  2:08  Queen  
  24  2:18  Queen  
  24  2:22  Drone  
  27  2:27  Drone  
  28  2:31  Overlord  
  28  2:41  Metabolic Boost  
  28  2:54  Zergling x10  
  33  3:05  Drone x3  
  36  3:08  Queen  
  38  3:17  Drone x3  
  40  3:22  Drone  
  40  3:23  Drone  
  42  3:28  Overlord  
  42  3:42  Overlord x2  
  42  3:43  Overlord  
  42  3:47  Drone  
  42  3:58  Drone x2  
  42  3:59  Drone x5  
  42  4:02  Drone  
  50  4:03  Drone x3  
  53  4:15  Drone x5  
  58  4:17  Spore Crawler  
  58  4:19  Spore Crawler  
  56  4:25  Drone  
  56  4:26  Drone x4  
  56  4:31  Overlord  
  61  4:35  Lair  
  60  4:50  Drone x9  
  67  5:00  Roach Warren  
  67  5:03  Extractor  
  67  5:04  Extractor  
  64  5:07  Evolution Chamber x2  
  64  5:10  Drone x6  
  64  5:11  Drone x2  
  69  5:18  Drone x2  
  69  5:30  Drone  
  69  5:31  Drone x5  
  69  5:34  Extractor  
  69  5:35  Extractor  
  73  5:37  Zerg Missile Weapons Level 1, Zerg Ground Armor Level 1  
  73  5:38  Zergling x2  
  73  5:39  Zergling x10  
  79  5:47  Roach  
  79  5:48  Roach  
  74  6:00  Roach x4  
  81  6:05  Zergling x2  
  81  6:09  Overlord x3  
  78  6:12  Roach  
  78  6:13  Zergling x2  
  78  6:14  Zergling x2  
  78  6:17  Roach  
  81  6:20  Roach  
  81  6:27  Roach x5  
  89  6:34  Extractor  
  89  6:36  Drone x4  
  88  6:43  Drone  
  88  6:44  Drone x2  
  87  6:53  Drone x5  
  90  7:05  Drone x2  
  90  7:06  Drone x6  
  97  7:17  Drone x5  
  102  7:22  Hydralisk Den  
  102  7:24  Hatchery  
  102  7:26  Glial Reconstitution  
  102  7:27  Overlord  
  102  7:28  Drone x2  
  102  7:29  Drone  
  103  7:37  Queen  
  103  7:39  Lurker Den  
  103  7:42  Zerg Ground Armor Level 2, Zerg Missile Weapons Level 2  
  105  7:45  Queen  
  105  7:49  Roach x3  
  113  7:58  Overseer  
  113  8:00  Overlord x4  
  113  8:18  Queen  
  115  8:23  Roach x8  
  115  8:26  Hatchery  
  130  8:30  Ravager  
  130  8:31  Ravager x5  
  130  8:32  Ravager  
  137  8:36  Roach x2  
  141  8:49  Overlord, Roach  
  141  8:50  Overlord x7  
  143  9:08  Roach x9  
  157  9:21  Roach x8  
  171  9:28  Hydralisk x3  
  174  9:42  Hydralisk x4  
  174  9:43  Hydralisk x4  
  185  9:53  Overlord  
  185  9:54  Overlord  
  183  10:05  Infestation Pit  
  158  10:11  Lurker x4  
  162  10:19  Lurker  
  162  10:20  Lurker  
  162  10:27  Roach  
  162  10:28  Roach x7  
  146  10:40  Roach x11  
  158  10:50  Overlord x4  
  158  10:52  Roach, Queen  
  158  10:53  Queen  
  158  10:56  Hive  
  158  10:58  Overseer  
  158  11:03  Spine Crawler  
  153  11:07  Lurker  
  154  11:14  Drone x13  
  154  11:15  Drone  
  165  11:26  Roach x6  
  152  11:41  Hydralisk x5  
  155  11:56  Hatchery  
  155  11:57  Roach x2  
  155  11:58  Roach x3  
  164  12:08  Queen  
  164  12:10  Queen  
  164  12:11  Roach  
  164  12:12  Roach x2  
  163  12:22  Lurker x2  
  163  12:34  Lurker  
  163  12:36  Spine Crawler  
  163  12:41  Spine Crawler  
  163  12:42  Spine Crawler x2  
  160  12:45  Spine Crawler  
  155  12:52  Drone x6  
  161  13:05  Hydralisk x4  
  163  13:08  Lurker  
  163  13:11  Extractor  
  169  13:12  Hatchery  
  169  13:13  Extractor  
  142  13:47  Hydralisk x3  
  128  13:54  Hydralisk x4  
  72  14:33  Zergling x36  
  72  14:34  Zergling x10  
  95  14:38  Overlord  
  95  14:40  Lurker x3  
  95  14:41  Lurker  
Tags
 
Add a new tag
Caveats
  • Supply blocks, unpowered buildings, or Contaminate may cause inaccurate times.
  • Supply counts are checked every 10 seconds.